[Event "GER-ch Youth U14 2020"]
[Site "Willingen"]
[Date "2020.10.21"]
[Round "2.22"]
[White "Fuhrmann, Bahne"]
[Black "Englert, Luca"]
[Result "1-0"]
[ECO "B09"]
[WhiteElo "1816"]
[BlackElo "1530"]
[Annotator "NA RC"]
[PlyCount "143"]
[EventDate "2020.10.20"]
[EventType "swiss"]
[EventRounds "7"]
[EventCountry "GER"]
[SourceTitle "playchess.com"]
[Source "ChessBase"]
[SourceQuality "1"]
[TimeControl "40/5400+30:1800+30"]

1. e4 d6 2. d4 Nf6 3. Nc3 g6 4. f4 Bg7 5. Nf3 Bg4 6. h3 Bxf3 7. Qxf3 c6 ({Better is} 7... Nc6) 8. Be3 e5 {[%emt 0:01:21] [#] B09: Pirc Defence: Austrian Attack.} 9. f5 $146 ({Predecessor:} 9. dxe5 dxe5 10. Rd1 Qe7 11. f5 Nbd7 12. Bc4 a5 13. Bb3 b5 14. a3 Nc5 15. Bxc5 Qxc5 16. fxg6 fxg6 {1-0 (35) Stijve,N (1685)-Cwiek,R (1682) Mureck 2017}) 9... Qb6 ({Black should play} 9... Nbd7 $14) 10. O-O-O Qa5 11. dxe5 dxe5 (11... Qxe5 $142 12. Bf4 Qa5 13. Bxd6 Nbd7) 12. fxg6 fxg6 13. Bc4 Nbd7 (13... Qb4 {is a better defense.}) 14. Bf7+ Ke7 15. Bg5 (15. Qf1 $18 {has better winning chances.} Rhf8 16. Bb3) 15... Rhf8 (15... Rad8 $16 {keeps fighting.}) 16. Bc4 h6 (16... Qc5 {was called for.}) 17. Bd2 ({Don't take} 17. Bh4 $6 g5 $18) 17... Qc5 18. Qe2 Ne8 19. Na4 Qf2 20. Qd3 Qd4 21. Qa3+ Nd6 22. Be1 c5 23. Rxd4 exd4 24. Bd5 Rac8 25. Bg3 b5 {[%emt 0:01:32] [#]} 26. Nxc5 $1 Rxc5 27. Qa6 Rf6 {[%emt 0:02:25] [#]} 28. e5 $1 Rxd5 29. exf6+ Bxf6 30. Re1+ Ne5 31. Qxa7+ Ke6 32. Qh7 d3 33. Bxe5 $2 ({White should try} 33. cxd3 $18 Ndf7 34. Qxg6) 33... d2+ 34. Kd1 dxe1=Q+ 35. Kxe1 Rxe5+ 36. Kd1 Rd5+ {[%emt 0:00:12] Discovered Attack} 37. Ke1 Bh4+ 38. Kf1 Rd1+ 39. Ke2 Re1+ 40. Kf3 Nf7 41. Qxg6+ Ke7 42. Qb6 Nd6 43. a4 bxa4 44. Qa7+ Kf6 $2 (44... Ke6 $11 {and Black is okay.}) 45. Qd4+ {[%emt 0:00:00] Double Attack} Ke6 46. Qxh4 Re3+ 47. Kf2 Re4 48. Qxh6+ Kd5 49. Qd2+ Rd4 50. Qa5+ Kc6 51. Kf3 Rc4 52. b3 axb3 53. cxb3 Rc5 54. Qa6+ Kd5 55. b4 Rb5 56. Qxb5+ Nxb5 57. g4 $4 (57. Ke3 Ke6 58. Kf4) 57... Kc4 $2 (57... Ke5 $14) 58. g5 Kxb4 59. g6 Nd4+ 60. Kg4 Nc6 61. Kg5 Ne7 62. Kf6 Ng8+ 63. Kg7 Ne7 64. Kf7 Nf5 65. g7 Kc5 66. g8=Q Nh6+ 67. Kg7 Nxg8 68. Kxg8 Kd6 69. Kg7 Ke6 70. h4 Kf5 71. h5 Kg5 72. h6 1-0

[Event "GER-ch Youth U14 2020"]
[Site "Willingen"]
[Date "2020.10.21"]
[Round "3.4"]
[White "Halabi, Ibrahim"]
[Black "Kort, Felix"]
[Result "1-0"]
[ECO "C50"]
[WhiteElo "1895"]
[BlackElo "1823"]
[Annotator "NA RC"]
[PlyCount "131"]
[EventDate "2020.10.20"]
[EventType "swiss"]
[EventRounds "7"]
[EventCountry "GER"]
[SourceTitle "playchess.com"]
[Source "ChessBase"]
[SourceQuality "1"]
[TimeControl "40/5400+30:1800+30"]

1. e4 e5 2. Nf3 Nc6 3. Bc4 Bc5 4. d3 Nf6 5. Nbd2 O-O 6. O-O d6 7. c3 a5 {[%emt 0:01:58] C54: Giuoco Piano: 4 c3 Nf6, main lines with 5 d4 and 5 d3.} 8. h3 Be6 9. a4 Ne7 {[%emt 0:05:55] [#]} 10. d4 $146 ({Predecessor:} 10. Bxe6 fxe6 11. Qb3 Qc8 12. Re1 Nd7 13. Qxe6+ Rf7 14. d4 Ra6 15. Ng5 Qe8 16. Nxf7 Qxf7 17. Qxd7 {1-0 (29) Park,S (1793)-Faulks,R Batumi 2018}) 10... exd4 11. cxd4 Bb4 12. Qc2 Ng6 13. d5 Bd7 14. Nb3 Qe8 15. Nbd2 Ne5 ({Better is} 15... Qc8 $15 16. Nd4 Re8) 16. Nxe5 Qxe5 17. Bd3 Bc5 18. Nc4 $1 Qh5 19. Be3 Bxe3 20. Nxe3 c6 21. Qb3 Rab8 22. Qb6 Rfc8 ({Better is} 22... Rfe8 $11) 23. Qxa5 b6 24. Qb4 cxd5 25. exd5 Rc5 (25... Nxd5 $16 {might work better.} 26. Bxh7+ {[%mdl 64] Decoy} (26. Qxd6 Nxe3 27. fxe3 Be6 $16) 26... Kxh7 27. Qe4+ {[%mdl 64] Double Attack} Qg6 28. Qh4+ (28. Qxd5 Rc5 $14) 28... Qh6 29. Qxh6+ Kxh6) 26. Rfc1 Nxd5 27. Rxc5 (27. Nxd5 $16 Qxd5 28. Rd1) 27... dxc5 28. Qe4 Nxe3 29. Qxe3 Re8 30. Qf4 Qe5 31. Qxe5 Rxe5 32. a5 b5 $2 (32... bxa5 $11 33. Rxa5 g6) 33. a6 Bc6 34. a7 Ba8 35. Bxb5 Kf8 36. Rd1 Rd5 37. Re1 Rd8 38. Rc1 Rc8 39. b4 Rc7 40. Re1 Re7 41. Rxe7 Kxe7 42. bxc5 Kd8 43. f3 Kc7 44. Bd3 Bd5 45. Kf2 $18 Kb7 46. Be4 Bxe4 47. fxe4 Kxa7 48. Ke3 Kb7 49. Kd4 Kc6 50. Kc4 g6 51. g3 f5 52. exf5 gxf5 53. Kd4 h5 54. h4 Kd7 55. Ke5 Kc6 56. Kxf5 Kxc5 57. Kg5 Kd6 58. Kxh5 Ke7 59. g4 Kf8 60. g5 Kg8 61. g6 Kg7 62. Kg5 Kg8 63. h5 Kg7 64. h6+ Kf8 65. Kf6 Kg8 66. h7+ 1-0

[Event "GER-ch Youth U14 2020"]
[Site "Willingen"]
[Date "2020.10.21"]
[Round "3.7"]
[White "Bungarten, Jona"]
[Black "Hecht, Jonas Christian"]
[Result "0-1"]
[ECO "B21"]
[WhiteElo "1834"]
[BlackElo "1764"]
[Annotator "NA RC"]
[PlyCount "84"]
[EventDate "2020.10.20"]
[EventType "swiss"]
[EventRounds "7"]
[EventCountry "GER"]
[SourceTitle "playchess.com"]
[Source "ChessBase"]
[SourceQuality "1"]
[TimeControl "40/5400+30:1800+30"]

1. e4 c5 2. d4 cxd4 3. c3 dxc3 4. Nxc3 e6 5. Nf3 Nc6 6. Bc4 a6 7. O-O Nge7 8. Bg5 h6 {[%emt 0:00:05] is now more promising than 8...f6. B21: Sicilian: 2 f4 and Morra Gambit.} 9. Be3 Ng6 10. Bb3 Be7 11. Na4 {[%emt 0:03:30] [#]} O-O $146 ({Predecessor:} 11... d6 12. Nb6 Rb8 13. Rc1 O-O 14. Ba4 Bd7 15. Nd4 Nge5 16. Nxd7 Qxd7 17. f4 b5 18. fxe5 Nxd4 19. Qxd4 bxa4 {0-1 (75) Mayerhofer,P (2160)-Schnider,G (2425) Austria 2019}) 12. Nb6 Rb8 13. Qe2 d6 14. Rfd1 Bd7 15. Rac1 Nge5 16. Nxe5 Nxe5 17. f4 Bb5 18. Qc2 Nd7 19. Qf2 Bc6 20. Nxd7 Qxd7 21. e5 d5 22. Bc2 f5 23. exf6 $1 Bxf6 24. Qg3 Qe8 25. Ba7 Rc8 26. Qd3 g6 $1 27. Qg3 Kh7 28. Bc5 Rg8 29. Be3 Bxb2 30. Rb1 Bf6 31. Qh3 Bg7 32. Re1 Bb5 33. Bd1 Rc3 34. Rb3 Qc6 35. Qg4 Rxb3 36. Bxb3 Qc3 37. Bf2 Bd7 38. Bxd5 $19 (38. Qd1) 38... Bd4 39. Rf1 Bxf2+ 40. Rxf2 Qa1+ 41. Rf1 Qd4+ 42. Kh1 Qxd5 0-1

[Event "GER-ch Youth U14 2020"]
[Site "Willingen"]
[Date "2020.10.21"]
[Round "3.13"]
[White "Stork, Christopher"]
[Black "Pfeffer, Samuel"]
[Result "1-0"]
[ECO "C50"]
[WhiteElo "1869"]
[BlackElo "1427"]
[Annotator "NA RC"]
[PlyCount "104"]
[EventDate "2020.10.20"]
[EventType "swiss"]
[EventRounds "7"]
[EventCountry "GER"]
[SourceTitle "playchess.com"]
[Source "ChessBase"]
[SourceQuality "1"]
[TimeControl "40/5400+30:1800+30"]

1. e4 e5 2. Nf3 Nc6 3. Bc4 Nf6 4. d3 Bc5 5. c3 d6 6. O-O a6 7. a4 {[%emt 0:01:25] now scores much better than the old 7.Bb3. Played by Levon Aronian in September 2020. C54: Giuoco Piano: 4 c3 Nf6, main lines with 5 d4 and 5 d3.} Ba7 8. Nbd2 O-O 9. Re1 Ne7 10. Nf1 Ng4 11. Re2 Ng6 12. Ng3 h6 (12... Nh4 $5 13. d4 Nxf3+ 14. gxf3 Nf6 $11) 13. h3 Nf6 {[%emt 0:01:25] [#]} 14. Be3 $146 ({Predecessor:} 14. Bb3 Re8 15. d4 Bd7 16. Be3 Bc6 17. d5 Bd7 18. Bxa7 Rxa7 19. a5 Nf4 20. Rd2 {1-0 (50) Lagunow,R (2353)-Bracker,F (2392) Germany 2017}) 14... Nf4 15. Bxf4 exf4 16. Nf1 $1 d5 17. exd5 Nxd5 18. d4 Bf5 19. Qd2 c6 20. Bxd5 cxd5 21. Qxf4 Bd3 22. Re3 Bb8 23. Qh4 Be4 24. Qxd8 Rxd8 25. g3 f5 26. Ne5 Bxe5 27. dxe5 d4 28. cxd4 Rxd4 29. f4 Rc8 30. Rae1 a5 31. b3 Rc2 32. R1e2 Rc1 33. Kf2 Rdd1 34. Re1 Rxe1 35. Rxe1 Rxe1 36. Kxe1 Bd5 $2 (36... Bc2 $16) 37. Nd2 g5 38. Nc4 b5 39. Nxa5 bxa4 40. bxa4 gxf4 41. gxf4 Kf7 42. Kd2 Kg6 43. Kc3 Kh5 44. Kd4 Be4 45. Nc4 Kh4 46. Nd6 Kxh3 47. Nxe4 fxe4 48. Kxe4 Kg2 49. e6 h5 50. e7 h4 51. e8=Q h3 52. Qg6+ Kh1 1-0

[Event "GER-ch Youth U14 2020"]
[Site "Willingen"]
[Date "2020.10.21"]
[Round "3.14"]
[White "Raasch, Hauke"]
[Black "Tham, Nam"]
[Result "0-1"]
[ECO "D00"]
[WhiteElo "1676"]
[BlackElo "1890"]
[Annotator "NA RC"]
[PlyCount "82"]
[EventDate "2020.10.20"]
[EventType "swiss"]
[EventRounds "7"]
[EventCountry "GER"]
[SourceTitle "playchess.com"]
[Source "ChessBase"]
[SourceQuality "1"]
[TimeControl "40/5400+30:1800+30"]

1. d4 d5 2. Bf4 Nf6 3. e3 c5 4. c3 Nc6 5. Nf3 e6 6. Bd3 Be7 7. h3 {[%emt 0:01:05] D02: 1 d4 d5 2 Nf3 sidelines, including 2...Nf6 3 g3 and 2...Nf6 3 Bf4.} c4 8. Bc2 b5 9. a3 Bb7 10. Nbd2 a5 11. e4 Qb6 {[%emt 0:08:22] [#]} 12. e5 $146 ({Predecessor:} 12. O-O O-O 13. e5 Nd7 14. Qe2 h6 15. Nh2 b4 16. axb4 axb4 17. Ndf3 b3 18. Rxa8 Rxa8 {½-½ (36) Pedemonte,C-Paez Moguer,J Sant Cebria 1998}) 12... Nd7 13. Ng5 Bxg5 (13... h6 $11 14. Ngf3 Qc7) 14. Bxg5 h6 15. Qh5 {[%emt 0:02:51] [#]} Nxd4 $1 16. cxd4 Qxd4 17. O-O Qxe5 18. Nf3 Qxb2 19. Rfc1 g6 20. Bxg6 hxg5 21. Bxf7+ Ke7 22. Qg6 Qf6 23. Qxf6+ Kxf6 24. Nxg5 Kxg5 25. Bxe6 Nc5 26. Re1 Rhe8 27. Bg4 Nd3 28. Re2 Rxe2 29. Bxe2 Nf4 30. Bf3 b4 31. g3 Nd3 32. Be2 Re8 33. Bxd3 cxd3 34. Rd1 Ba6 35. axb4 axb4 36. Ra1 d2 37. f4+ Kf5 38. Kf2 Re2+ 39. Kf3 $19 Re1 40. g4+ Kf6 41. Rxa6+ Ke7 0-1

[Event "GER-ch Youth U14 2020"]
[Site "Willingen"]
[Date "2020.10.21"]
[Round "3.15"]
[White "Bilous, Danylo"]
[Black "Freude, Max"]
[Result "1/2-1/2"]
[ECO "D66"]
[WhiteElo "1723"]
[BlackElo "1850"]
[Annotator "NA RC"]
[PlyCount "45"]
[EventDate "2020.10.20"]
[EventType "swiss"]
[EventRounds "7"]
[EventCountry "GER"]
[SourceTitle "playchess.com"]
[Source "ChessBase"]
[SourceQuality "1"]
[TimeControl "40/5400+30:1800+30"]

1. d4 Nf6 2. c4 e6 3. Nf3 d5 4. Nc3 Be7 5. Bg5 O-O 6. e3 c6 7. Rc1 Nbd7 8. Bd3 dxc4 9. Bxc4 b6 10. O-O {[%emt 0:04:27] D66: Queen's Gambit Declined: Classical: Main Line (7 Rc1 c6 8 Bd3).} Bb7 11. Bd3 c5 12. Bb1 Nd5 13. Bxe7 Qxe7 {[%emt 0:01:40] [#]} 14. dxc5 $146 ({Predecessor:} 14. Qc2 f5 15. Qe2 Rf6 16. Rfd1 Re8 17. dxc5 Nxc5 18. Nxd5 Bxd5 19. Ne5 Rh6 20. g3 Qf6 21. f4 {1-0 (35) Jauk,W-Schuetze,T Oberhof 1998}) 14... Nxc3 15. Rxc3 Nxc5 16. b4 Rfd8 17. Qe2 Ba6 18. b5 Bb7 19. Rd1 Rxd1+ 20. Qxd1 Rd8 $17 21. Qe2 Qd6 22. Rc1 g6 23. h3 1/2-1/2

[Event "GER-ch Youth U14 2020"]
[Site "Willingen"]
[Date "2020.10.21"]
[Round "3.16"]
[White "Lerchl, Clemens"]
[Black "Spriestersbach, Kai"]
[Result "0-1"]
[ECO "B28"]
[WhiteElo "1699"]
[BlackElo "1863"]
[Annotator "NA RC"]
[PlyCount "84"]
[EventDate "2020.10.20"]
[EventType "swiss"]
[EventRounds "7"]
[EventCountry "GER"]
[SourceTitle "playchess.com"]
[Source "ChessBase"]
[SourceQuality "1"]
[TimeControl "40/5400+30:1800+30"]

1. e4 c5 2. Nf3 a6 3. c3 d5 4. exd5 Qxd5 5. d4 Nf6 6. Be2 e6 7. O-O cxd4 {[%emt 0:00:54] B28: Sicilian: 2 Nf3 a6 (O'Kelly Variation).} 8. cxd4 Be7 9. Nc3 Qd6 10. Re1 O-O {[%emt 0:01:33] [#]} 11. Ne5 $146 ({Predecessor:} 11. Bf1 Nc6 12. a3 b5 13. b4 Rd8 14. Be3 Bb7 15. Bxb5 axb5 16. Nxb5 Qd7 17. Qb3 Nxb4 18. axb4 Qxb5 {0-1 (28) Cappa,E (1641)-Castrogiovanni,C (1984) Crema 2012}) 11... Rd8 {[%emt 0:04:15] [#]} 12. Nc4 (12. Bh5 $1 $16) 12... Qc7 13. g3 $1 Bc5 14. Bf4 Qe7 15. Be5 $2 (15. dxc5 $18 Rxd1 16. Raxd1 (16. Rexd1 Nc6 $11)) 15... Nc6 16. Bxf6 Qxf6 17. Ne4 Qxd4 18. Qxd4 Bxd4 19. Rad1 b5 20. Ne3 Bb7 21. Nc3 (21. Nc2 $17 {was necessary.}) 21... Ne5 22. Nc2 Bb6 23. Rxd8+ Rxd8 24. Rd1 Rxd1+ 25. Bxd1 Nd3 26. Kf1 Nxf2 27. Be2 Ne4 28. Nxe4 Bxe4 29. Nb4 Bb7 30. b3 f5 31. a3 Bc5 32. Nc2 Be4 33. b4 Bb6 34. Bd1 g5 35. Ke2 g4 36. Ne1 Kf7 37. Nd3 Bf3+ 38. Ke1 Bxd1 39. Kxd1 Bd4 40. Kc2 e5 41. Kb3 $19 Ke6 42. a4 Kd5 0-1

[Event "GER-ch Youth U14 2020"]
[Site "Willingen"]
[Date "2020.10.21"]
[Round "3.18"]
[White "Niemann, Leon"]
[Black "Huo, Da"]
[Result "0-1"]
[ECO "B59"]
[WhiteElo "1880"]
[BlackElo "1868"]
[Annotator "NA RC"]
[PlyCount "128"]
[EventDate "2020.10.20"]
[EventType "swiss"]
[EventRounds "7"]
[EventCountry "GER"]
[SourceTitle "playchess.com"]
[Source "ChessBase"]
[SourceQuality "1"]
[TimeControl "40/5400+30:1800+30"]

1. e4 c5 2. Nf3 d6 3. d4 cxd4 4. Nxd4 Nf6 5. Nc3 Nc6 6. Be2 e5 7. Nb3 Be6 8. f4 {[%emt 0:00:11] [#] B59: Classical Sicilian: 6 Be2 e5 7 Nb3.} a5 $146 ({Predecessor:} 8... exf4 9. Bxf4 Be7 10. O-O O-O 11. Kh1 Rc8 12. Nd4 Nxd4 13. Qxd4 a6 14. Rad1 Rc6 15. Bf3 Qa5 16. Qd2 Kh8 17. e5 dxe5 18. Bxc6 bxc6 19. Bg5 Qb4 20. Bxf6 gxf6 21. Qh6 Rg8 {1-0 (58) Kowalczyk,P (2330)-Bardeli,L (2188) Poronin 2017}) 9. f5 Bc8 10. a4 Nb4 11. Bg5 Be7 12. Bxf6 Bxf6 13. Nd5 Nxd5 14. Qxd5 O-O 15. Rd1 Qc7 16. c3 Be7 17. O-O Bd7 18. Bb5 Bc6 19. Qd3 Rfd8 20. c4 Bg5 21. g3 Qb6+ 22. Kg2 Rac8 23. Rf3 Bxb5 24. axb5 a4 25. h4 Bh6 26. Nd2 Qc5 27. Rc1 Qb4 28. Rc2 Bxd2 29. Qxd2 Qxd2+ 30. Rxd2 Rxc4 31. Rc3 Rxc3 32. bxc3 Kf8 33. Ra2 Ra8 34. Ra3 Ra5 35. Kf3 Rxb5 36. Rxa4 Rb3 37. Rc4 b5 38. Rc8+ Ke7 39. Kf2 (39. Rc7+ $17 Kf6 40. g4) 39... Rb2+ 40. Kf1 Rc2 41. Rc7+ {[%emt 0:05:39] [#]} Ke8 $1 42. Rc8+ Kd7 43. Rg8 Rxc3 44. Rxg7 Ke7 45. Rg8 Re3 46. Rb8 Rxe4 47. Rxb5 Kf6 48. Rb6 Rd4 49. g4 Rxg4 50. Rxd6+ Kxf5 51. Rh6 Rg7 52. Kf2 f6 53. Kf3 Rd7 54. Ke3 e4 55. Ke2 Ke5 56. Ke3 f5 57. Rh5 Rg7 58. Rh6 f4+ $19 59. Kf2 Ra7 60. Rb6 Ra2+ 61. Kg1 f3 62. Rb7 e3 63. Rxh7 Ra1+ 64. Kh2 e2 0-1

[Event "GER-ch Youth U14 2020"]
[Site "Willingen"]
[Date "2020.10.21"]
[Round "3.19"]
[White "Sallandt, Frido"]
[Black "Brunner, Alexander"]
[Result "1-0"]
[ECO "B23"]
[WhiteElo "1770"]
[BlackElo "1692"]
[Annotator "NA RC"]
[PlyCount "63"]
[EventDate "2020.10.20"]
[EventType "swiss"]
[EventRounds "7"]
[EventCountry "GER"]
[SourceTitle "playchess.com"]
[Source "ChessBase"]
[SourceQuality "1"]
[TimeControl "40/5400+30:1800+30"]

1. e4 c5 2. Nc3 a6 3. g3 b5 4. Bg2 Bb7 5. d3 e6 6. f4 d5 7. e5 Qc7 8. Nf3 d4 9. Ne4 Nh6 10. O-O Nd7 11. Qe1 Be7 12. Bd2 Nb6 13. h3 O-O-O 14. Nfg5 Rdf8 15. g4 Nd5 16. c4 bxc4 17. dxc4 Nb4 18. Bxb4 cxb4 19. c5 a5 20. Nd6+ Bxd6 21. exd6 Qb8 22. c6 Ba6 23. Qe5 Qb6 24. Rfc1 d3+ 25. Kh2 Ng8 26. Nxf7 Nf6 27. Qxe6+ Kb8 28. Nxh8 d2 29. c7+ Ka7 30. c8=N+ Bxc8 31. Rxc8 Rxc8 32. Qxc8 1-0

[Event "GER-ch Youth U14 2020"]
[Site "Willingen"]
[Date "2020.10.21"]
[Round "3.20"]
[White "Weidenhöfer, Max"]
[Black "Meuer, David"]
[Result "0-1"]
[ECO "C01"]
[WhiteElo "1897"]
[BlackElo "1632"]
[Annotator "NA RC"]
[PlyCount "84"]
[EventDate "2020.10.20"]
[EventType "swiss"]
[EventRounds "7"]
[EventCountry "GER"]
[SourceTitle "playchess.com"]
[Source "ChessBase"]
[SourceQuality "1"]
[TimeControl "40/5400+30:1800+30"]

1. e4 e6 2. d4 d5 3. exd5 exd5 4. Nf3 Bd6 5. Bd3 Nc6 6. c3 Nge7 7. Qc2 h6 {[%emt 0:04:38] C01: French: Exchange Variation.} 8. O-O O-O 9. Re1 Re8 10. Nbd2 {[%emt 0:01:54] [#]} Be6 $146 ({Predecessor:} 10... Ng6) 11. Ne5 Qc8 12. Qb3 (12. Ndf3 $14) 12... Nxe5 13. dxe5 Bc5 14. Nf3 Nc6 15. Bb1 Ne7 16. Nh4 Nf5 17. Nxf5 Bxf5 18. Qxd5 Bxb1 19. Qxc5 Bf5 20. Bf4 Be6 21. Qe3 Qd7 22. Bxh6 (22. Qg3 $14 Kh8 23. Qf3) 22... gxh6 23. Qxh6 Rad8 24. h3 Bf5 25. Re3 (25. Qg5+ $1 $11 Bg6 26. e6) 25... Re6 26. Qf4 Rg6 27. Kh2 Qc6 28. g4 Be6 29. Rg1 Rd2 30. Reg3 (30. b3 {is a better defense.}) 30... Rxb2 31. Rd3 Qc5 32. Rd8+ Kg7 33. Rf1 $11 {[%emt 0:01:26] and White has nothing to worry.} Bc4 (33... Rxa2 34. Rd2) 34. Rd7 Be6 $11 ({Black should try} 34... Bxa2 $19 35. Qd4 Rc6 36. e6+ Qxd4 37. Rxf7+ {[#]} Kg8 $1 38. cxd4 Bxe6) 35. Rd3 $2 Rxa2 36. g5 Re2 37. h4 Qxe5 38. Qxe5+ Rxe5 39. f4 Bc4 40. Rfd1 Re2+ 41. Kg3 Bxd3 42. Rxd3 Rd6 0-1

[Event "GER-ch Youth U14 2020"]
[Site "Willingen"]
[Date "2020.10.21"]
[Round "3.21"]
[White "Bock, Marlon"]
[Black "Mimkes, Antal"]
[Result "0-1"]
[ECO "A43"]
[WhiteElo "1776"]
[BlackElo "1567"]
[Annotator "NA RC"]
[PlyCount "75"]
[EventDate "2020.10.20"]
[EventType "swiss"]
[EventRounds "7"]
[EventCountry "GER"]
[SourceTitle "playchess.com"]
[Source "ChessBase"]
[SourceQuality "1"]
[TimeControl "40/5400+30:1800+30"]

1. d4 c5 2. e3 g6 3. f4 Bg7 4. Nf3 Nf6 5. Bd3 O-O 6. O-O cxd4 7. exd4 d6 8. c3 Nc6 9. Nbd2 Bg4 10. h3 Bd7 11. Ne4 Qc7 12. Qe2 Rfe8 13. Qf2 Rf8 14. Bd2 Nxe4 15. Bxe4 e5 16. fxe5 dxe5 17. Qg3 Qb6 18. Bxc6 Bxc6 19. Nxe5 Qxb2 20. Bf4 Be4 21. Rae1 Bf5 22. Rf2 Qa3 23. Kh2 Rac8 24. Re3 Rfe8 25. Rfe2 Qa6 26. Qf3 b5 27. g4 Bb1 28. Qf1 f6 29. Qxb1 fxe5 30. Qb3+ Kh8 31. Bxe5 Bxe5+ 32. Rxe5 Rxe5 33. dxe5 b4 34. c4 Qxc4 35. Qf3 Kg8 36. e6 Rf8 37. e7 Rxf3 38. e8=Q+ 0-1

[Event "GER-ch Youth U14 2020"]
[Site "Willingen"]
[Date "2020.10.21"]
[Round "3.22"]
[White "Ehrig, Leon Chris"]
[Black "Wiedersich, Hendryk"]
[Result "1/2-1/2"]
[ECO "B23"]
[WhiteElo "1718"]
[BlackElo "1570"]
[Annotator "NA RC"]
[PlyCount "96"]
[EventDate "2020.10.20"]
[EventType "swiss"]
[EventRounds "7"]
[EventCountry "GER"]
[SourceTitle "playchess.com"]
[Source "ChessBase"]
[SourceQuality "1"]
[TimeControl "40/5400+30:1800+30"]

1. e4 c5 2. Nc3 d6 3. f4 e6 4. Nf3 a6 5. g3 b5 6. Bg2 Bb7 7. d3 Be7 8. O-O Nd7 9. Qe2 Qc7 10. Bd2 Ngf6 11. Rae1 e5 12. Nd1 O-O 13. Ne3 Rfe8 14. fxe5 Nxe5 15. Nxe5 dxe5 16. Nf5 Bc8 17. Nxe7+ Rxe7 18. Bg5 Bg4 19. Qe3 Re6 20. Bxf6 Rxf6 21. Rxf6 gxf6 22. Qh6 Qb6 23. h3 Be6 24. Qxf6 c4+ 25. Kh2 cxd3 26. cxd3 Qd4 27. h4 Qxb2 28. h5 Rc8 29. Rf1 Re8 30. h6 Kf8 31. Rf2 Qd4 32. Bh3 Qd8 33. Qg7+ Ke7 34. Bxe6 Kxe6 35. Qxf7+ Kd6 36. Qd5+ Kc7 37. Rf7+ Kb6 38. Rxh7 Qg5 39. Qb7+ Ka5 40. Qc7+ Kb4 41. Qd6+ Ka5 42. Ra7 Qh5+ 43. Kg1 Qd1+ 44. Kf2 Qd2+ 45. Kf3 Qd1+ 46. Ke3 Qe1+ 47. Kf3 Qf1+ 48. Kg4 Rg8+ 1/2-1/2

[Event "GER-ch Youth U14 2020"]
[Site "Willingen"]
[Date "2020.10.22"]
[Round "4.1"]
[White "Albert, Markus"]
[Black "Halabi, Ibrahim"]
[Result "1-0"]
[ECO "B95"]
[WhiteElo "1727"]
[BlackElo "1895"]
[Annotator "NA RC"]
[PlyCount "53"]
[EventDate "2020.10.20"]
[EventType "swiss"]
[EventRounds "7"]
[EventCountry "GER"]
[SourceTitle "playchess.com"]
[Source "ChessBase"]
[SourceQuality "1"]
[TimeControl "40/5400+30:1800+30"]

1. e4 c5 2. Nf3 d6 3. d4 cxd4 4. Nxd4 Nf6 5. Nc3 a6 6. Bg5 e6 7. Qe2 Be7 8. f4 Qc7 {[%emt 0:02:52] B98: Sicilian Najdorf: 6 Bg5 e6 7 f4 Be7, sidelines.} 9. O-O-O Nbd7 10. g4 b5 11. Bg2 Bb7 (11... b4 $5 12. e5 bxc3 13. Bxa8 dxe5 14. fxe5 (14. Nc6 $2 Bb7 $19) 14... Nxe5 $14) 12. e5 dxe5 13. fxe5 Nd5 14. Bxe7 Nxc3 15. bxc3 Kxe7 16. Bxb7 Qxb7 17. Rhf1 Rac8 18. Qe3 {[%emt 0:06:35] [#]} Rhe8 $2 $146 {[%emt 0:09:25] [#]} (18... Ke8 $14) ({Predecessor:} 18... Qc7 19. Qg5+ Ke8 20. Rxf7 Kxf7 21. Rf1+ Nf6 22. Rxf6+ gxf6 23. Qxf6+ Kg8 24. Qxe6+ Qf7 25. Qxc8+ Kg7 26. Nf5+ {1-0 (26) Ribero,G (1901)-Salcedo,P (2035) Cali 2016}) 19. Nxe6 $1 Kxe6 20. Qg5 Nxe5 21. Qxg7 Qe7 22. g5 f5 23. Qh6+ Ng6 24. Rfe1+ Kf7 25. Qxh7+ Kf8 26. Rxe7 Nxe7 27. g6 1-0

[Event "GER-ch Youth U14 2020"]
[Site "Willingen"]
[Date "2020.10.22"]
[Round "4.8"]
[White "Kort, Felix"]
[Black "Stork, Christopher"]
[Result "0-1"]
[ECO "A56"]
[WhiteElo "1823"]
[BlackElo "1869"]
[Annotator "NA RC"]
[PlyCount "80"]
[EventDate "2020.10.20"]
[EventType "swiss"]
[EventRounds "7"]
[EventCountry "GER"]
[SourceTitle "playchess.com"]
[Source "ChessBase"]
[SourceQuality "1"]
[TimeControl "40/5400+30:1800+30"]

1. d4 Nf6 2. c4 c5 3. d5 g6 4. Nc3 Bg7 5. e4 O-O 6. f4 {[%emt 0:08:12] E70: King's Indian: Miscellaneous lines with 4 e4, including 5 Nge2 and 5 Bd3 0-0 6 Nge2.} d6 7. h3 Nbd7 (7... e5 $15 8. fxe5 Nh5) 8. Nf3 Qc7 ({Black should play} 8... Nh5 $11) 9. Bd3 a6 10. O-O {[%emt 0:02:06] [#]} e6 $146 (10... b5 $1 $14) ({Predecessor:} 10... b6 11. Be3 Bb7 12. Qd2 e6 13. Rae1 exd5 14. exd5 Rae8 15. Ng5 Qd8 16. g4 h5 17. Qg2 Re7 18. gxh5 Nxh5 {0-1 (42) Martinez Torres,J (1495)-Llaneras Henarejos,M (1643) Benidorm 2017}) 11. Re1 (11. dxe6 $16 fxe6 12. Ng5) 11... exd5 (11... e5 $14) 12. cxd5 ({Don't play} 12. exd5 $6 b5 $11) 12... Re8 13. a4 b6 14. Bc4 Bb7 15. Qd3 Rad8 16. Bxa6 Bxa6 17. Qxa6 c4 18. Be3 Nxe4 (18... Ra8 $5 19. Qb5 $8 (19. Nb5 $2 Qb8 $19) 19... Nxe4 20. Nxe4 Rxe4 $11) 19. Bd4 Bxd4+ 20. Nxd4 Qc5 21. Rad1 Nxc3 22. bxc3 Qxd5 23. Qa7 Nc5 24. Qxb6 Nd3 25. Rxe8+ Rxe8 26. Qb5 Qe4 27. Rf1 Qe3+ 28. Kh1 Re4 29. Qb8+ Kg7 30. f5 $19 (30. Rf3 $11 Qe1+ 31. Kh2 Rxf4 32. Rxf4) 30... Qg3 31. f6+ Kh6 32. Qf8+ Kh5 33. Nf3 Re2 34. Ne1 Nxe1 35. Rf5+ gxf5 36. Qxf7+ Qg6 37. g4+ fxg4 38. hxg4+ Kxg4 39. Qd7+ Kh4 40. Qc6 Qg2+ 0-1